 Dungeon Crawl Stone Soup version 0.22-a0-274-gf8199ec (webtiles) character file.

52 Amnesiac the Magician (level 3, -1/24 HPs)
             Began as a Mummy Wizard on Mar 13, 2018.
             Killed from afar by a dart slug (6 damage)
             ... with a slug dart
             ... on level 2 of the Dungeon.
             The game lasted 00:02:48 (1571 turns).

Amnesiac the Magician (Mummy Wizard)                Turns: 1571, Time: 00:02:49

Health: -1/24      AC:  3    Str: 10    XL:     3   Next: 60%
Magic:  3/8        EV: 12    Int: 18    God:
Gold:   72         SH:  0    Dex: 10    Spells: 2/10 levels left

rFire    x . .     SeeInvis .   d - +0 short sword
rCold    + . .     Gourm    .   (no shield)
rNeg     + + +     Faith    .   a - +0 robe
rPois    ∞         Spirit   .   b - +1 hat
rElec    .         Reflect  .   (no cloak)
rCorr    .         Harm     .   (no gloves)
MR       .....                  (no boots)
Stlth    ++........             (no amulet)
HPRegen  0.08/turn              (no ring)
MPRegen  0.11/turn              (no ring)

@: no status effects
A: no food or potions, fire vulnerability, cold resistance 1, negative energy
resistance 3, torment resistance, unbreathing
a: no special abilities


You were on level 2 of the Dungeon.
You were not hungry.

You visited 1 branch of the dungeon, and saw 2 of its levels.

You collected 72 gold pieces.

Inventory:

Hand Weapons
 d - a +0 short sword (weapon)
Armour
 a - a +0 robe (worn)
 b - a +1 hat (worn)
Wands
 g - a wand of disintegration (7)
Scrolls
 c - a scroll of enchant armour {!r}
 e - a scroll of remove curse {!r}
 f - a scroll of teleportation {!r}
 h - a scroll of amnesia {!r, unknown}
 i - a scroll of blinking {!r}


   Skills:
 - Level 1.5 Dodging
 - Level 1.5 Stealth
 - Level 4.0 Spellcasting
 + Level 2.9 Conjurations
 - Level 0.7 Summonings
 - Level 0.7 Translocations


You had 2 spell levels left.
You knew the following spells:

 Your Spells              Type           Power        Failure   Level  Hunger
a - Magic Dart            Conj           ##..         4%          1    N/A
b - Call Imp              Summ           #.......     17%         2    N/A
e - Mephitic Cloud        Conj/Pois/Air  #.......     28%         3    N/A
v - Blink                 Tloc           N/A          17%         2    N/A

Dungeon Overview and Level Annotations

Branches:
Dungeon (2/15)

Altars:

Annotations:
D:2 Jessica


Innate Abilities, Weirdness & Mutations

You do not eat or drink.
Your flesh is vulnerable to fire.
You are immune to poison.
Your flesh is cold resistant. (rC+)
You are immune to negative energy. (rN+++)
You are immune to unholy pain and torment.
You can survive without breathing.


Message History

Jessica is moderately wounded.
Jessica hits you. x2
You barely miss Jessica.
Jessica is moderately wounded.
Jessica barely misses you.
You hit Jessica but do no damage.
Jessica is moderately wounded.
Jessica hits you but does no damage.
Jessica gestures wildly while chanting.
Jessica blinks!
No target in view!
No target in view!
You barely miss Jessica.
Jessica is moderately wounded.
Jessica barely misses you. Jessica closely misses you.
You hit Jessica but do no damage.
Jessica is severely wounded.
Jessica hits you. Jessica closely misses you.
A dart slug comes into view.
You closely miss Jessica.
Jessica is severely wounded.
Jessica mumbles some strange words.
Jessica blinks!
You swap places.
Your crimson imp blinks!
Jessica drinks a potion.
Jessica is healed!
You closely miss Jessica.
Jessica shouts, "You're disturbing me!
I'll have to kill you!" Jessica hits you.
* * * LOW HITPOINT WARNING * * *
The dart slug launches a dart at you. The slug dart hits your crimson imp.
You hit Jessica.
Jessica is moderately wounded.
Your crimson imp disappears in a puff of smoke!
Jessica grins evilly.
Jessica hits you.
* * * LOW HITPOINT WARNING * * *
Jessica barely misses you.
You closely miss Jessica.
Jessica is moderately wounded.
Jessica closely misses you. x2
You hit Jessica but do no damage.
Jessica is moderately wounded.
Jessica mumbles some strange words.
Jessica blinks!
You hit the dart slug.
The dart slug is lightly wounded.
The dart slug launches a dart at you. The slug dart hits you!
* * * LOW HITPOINT WARNING * * *
You hit the dart slug.
The dart slug is heavily wounded.
The dart slug closely misses you. Jessica closely misses you.
Your magical contamination has completely faded away.
You hit the dart slug.
The dart slug is severely wounded.
Jessica hits you.
* * * LOW HITPOINT WARNING * * *
You are too injured to fight recklessly!
You are too injured to fight recklessly!
The dart slug launches a dart at you. The slug dart hits you!
You die...

#.......... ...........
.....#.### .....#.#
##### ..##.#.# #...####
#.##.#.# #......
#.##...#########....#
....................###
##.#..#####.#...@.[...#
#.#..# #...####.@w.#...
#....# #.### #.#.##
##..#.# #.# #...#
##..#.# #.# ####..##
......###.###.....#
#......#........###
............#####
..........#.....#


You could see a dart slug and Jessica.

Vanquished Creatures
  A worm (D:2)
  2 dart slugs (D:1)
  A leopard gecko (D:1)
  A giant cockroach (D:1)
  A goblin (D:1)
  5 hobgoblins
  A quokka (D:2)
  2 bats
  2 frilled lizards (D:2)
  3 kobolds
  2 rats
  A toadstool (D:1)
22 creatures vanquished.

Vanquished Creatures (collateral kills)
  Terence (D:2)
  An adder (D:2)
  A worm (D:2)
  A kobold (D:2)
  A rat (D:2)
5 creatures vanquished.

Grand Total: 27 creatures vanquished

Notes
Turn   | Place    | Note
-------+----------+-------------------------------------------
     0 | D:1      | Amnesiac the Mummy Wizard began the quest for the Orb.
     0 | D:1      | Reached XP level 1. HP: 13/13 MP: 5/5
    75 | D:1      | Reached skill level 1 in Conjurations
   265 | D:1      | Reached XP level 2. HP: 2/19 MP: 0/7
   496 | D:1      | Learned a level 2 spell: Blink
   499 | D:1      | Learned a level 2 spell: Call Imp
   640 | D:1      | You fall through a shaft!
   646 | D:2      | Noticed Terence
  1234 | D:2      | Killed Terence
  1234 | D:2      | Reached XP level 3. HP: 24/24 MP: 1/8
  1239 | D:2      | Learned a level 3 spell: Mephitic Cloud
  1548 | D:2      | Noticed Jessica
  1571 | D:2      | Killed from afar by a dart slug

Vault maps used:
D:1:      nagdon_arrival_zigzag_paths
D:2:      lemuel_coloured_pillars_altar, chequers_ecumenical_altar_twisty,
          uniq_terence, uniq_jessica

Skill      XL: |  1  2 |
---------------+-------+-----
Conjurations   | 1 2 |  2.9
Dodging        | |  1.5
Stealth        | |  1.5
Spellcasting   | |  4.0
Summonings     | |  0.7
Translocations | |  0.7

Action                   || total
-------------------------++-------
Melee: Unarmed           ||    12
       Short sword       ||    48
 Cast: Magic Dart        ||    47
       Call Imp          ||    10
  Use: Scroll            ||     4
 Stab: Distracted        ||     1
Armor: Robe              ||    13
Dodge: Dodged            ||    56

Table legend:
 A = Spawn XP
 B = Non-spawn XP
 C = Spawn XP percentage of total XP
 D = Spawn monster count
 E = Non-spawn monster count
 F = Spawn count percentage of total count
 G = Total turns spent on level
                    A         B        C        D         E        F      G
               +---------+---------+-------+---------+---------+-------+---------
         Total |       0 |      75 |   0.0 |       0 |      26 |   0.0 |  1571
               +---------+---------+-------+---------+---------+-------+---------
           D:1 |       0 |      24 |   0.0 |       0 |      11 |   0.0 |  1143
           D:2 |       0 |      51 |   0.0 |       0 |      15 |   0.0 |   428
               +---------+---------+-------+---------+---------+-------+---------
